 Dungeon Crawl Stone Soup version 0.22.0-38-g04b72b8 (webtiles) character file.

111 Monsterracer the Shield-Bearer (level 4, -3/42 HPs)
             Began as a Deep Dwarf Fighter on Aug 27, 2018.
             Slain by an ogre
             ... wielding a +0 giant club
              (12 damage)
             ... on level 4 of the Dungeon.
             The game lasted 00:00:42 (492 turns).

Monsterracer the Shield-Bearer (Deep Dwarf Fighter)  Turns: 492, Time: 00:00:42

Health: -3/42      AC:  7    Str: 21    XL:     4   Next: 62%
Magic:  4/4        EV:  7    Int:  8    God:
Gold:   96         SH:  9    Dex: 12    Spells: 3/3 levels left

rFire    . . .     SeeInvis .   a - +0 war axe
rCold    . . .     Gourm    .   f - +0 shield
rNeg     . . .     Faith    .   j - +0 scale mail (curse)
rPois    .         Spirit   .   (no helmet)
rElec    .         Reflect  .   (no cloak)
rCorr    .         Harm     .   (no gloves)
MR       .....                  (no boots)
Stlth    ..........             (no amulet)
HPRegen  0.00/turn              (no ring)
MPRegen  0.09/turn              (no ring)

@: non-regenerating
A: damage resistance, heal wounds, sense surroundings 1, no regeneration
a: Heal Wounds


You were on level 4 of the Dungeon.
You were not hungry.

You visited 1 branch of the dungeon, and saw 4 of its levels.

You collected 96 gold pieces.

Inventory:

Hand Weapons
 a - a +0 war axe (weapon)
Armour
 b - a +0 scale mail
 f - a +0 shield (worn)
 j - a cursed +0 scale mail (worn)
Jewellery
 g - an uncursed ring of flight {unknown}
Scrolls
 e - a scroll of identify {unknown}
 h - a scroll of fog {unknown}
 i - 2 scrolls of remove curse {unknown}
 m - a scroll of blinking {unknown}
Potions
 d - 2 potions of might
 k - a potion of heal wounds {unknown}
 l - a potion of invisibility {unknown}
 n - a potion of curing {unknown}
Comestibles
 c - 3 rations


   Skills:
 + Level 3.2 Fighting
 * Level 3.8 Axes
 + Level 3.9 Armour
 + Level 4.0 Shields


You had 3 spell levels left.
You didn't know any spells.
Your spell library was empty.

Dungeon Overview and Level Annotations

Branches:
Dungeon (4/15)
 Temple: D:4-7

Altars:
Uskayaw


Innate Abilities, Weirdness & Mutations

You are resistant to damage.
You can heal yourself by infusing magical energy.
You passively map a small area around you.
You do not regenerate.


Message History

The worker ant is heavily wounded.
You block the worker ant's attack. The worker ant closely misses you.
You are too injured to fight recklessly!
You are too injured to fight recklessly!
You are too injured to fight recklessly!
You are too injured to fight recklessly!
You feel much better. You block the worker ant's attack.
You regained 22 hp, and now have 32/34 hp.
You slash the worker ant!
You kill the worker ant!
You have reached level 4!
You feel stronger.
You regained 7 hp, and now have 39/42 hp.
MP restored: 4 A dart slug comes into view.
You see here 10 gold pieces.
A dart slug is nearby!
A dart slug is nearby!
The dart slug bites you but does no damage.
A dart slug is nearby!
You hit the dart slug.
The dart slug is severely wounded.
A dart slug is nearby!
You hit the dart slug.
The dart slug is almost dead.
The dart slug closely misses you.
A dart slug is nearby!
You hit the dart slug but do no damage.
The dart slug is almost dead.
You block the dart slug's attack.
You slash the dart slug!
You kill the dart slug!
You now have 96 gold pieces (gained 10).
You are no longer poisoned.
n - a lumpy black potion No target in view!
There is a stone staircase leading up here.
Found a stone staircase leading down.
No target in view!
A worker ant comes into view.
The worker ant twitches its antennae in your direction.
Found an inky potion, a mace and a ration.
An ogre comes into view. It is wielding a giant club.
The ogre shouts!
Found a hide-covered altar of Uskayaw.
There are monsters nearby!
A gnoll comes into view.
The gnoll shouts!
You block the worker ant's attack.
There are monsters nearby!
You slash the worker ant!
The worker ant is severely wounded.
The worker ant closely misses you. The worker ant barely misses you.
There are monsters nearby!
You hit the worker ant.
You kill the worker ant!
You closely miss the ogre.
A gnoll comes into view. It is wielding a halberd.
The ogre barely misses you. The ogre hits you with a giant club!!
The gnoll moves out of view.
A gnoll comes into view. It is wielding a spear.
You take 17 damage, and have 22/42 hp.
MASSIVE DAMAGE!!
You hit the ogre but do no damage. The gnoll barely misses you.
The ogre hits you with a giant club!
* * * LOW HITPOINT WARNING * * *
You take 10 damage, and have 12/42 hp.
MASSIVE DAMAGE!!
You are too injured to fight recklessly!
You are too injured to fight recklessly!
You feel much better. The gnoll hits you.
You regained 19 hp, and now have 31/42 hp.
You hit the ogre.
The ogre is lightly wounded.
You barely miss the gnoll. You block the ogre's attack.
You block the gnoll's attack.
You hit the ogre.
The ogre is moderately wounded.
You hit the gnoll. You block the ogre's attack. The gnoll hits you. x2
The ogre completely misses you.
You slash the ogre!
The ogre is heavily wounded.
You hit the gnoll. You block the gnoll's attack. You block the ogre's attack.
The gnoll hits you from afar with a spear.
You hit the ogre.
The ogre is severely wounded.
You slash the gnoll!
You kill the gnoll!
Your Shields skill increases to level 4!
The gnoll hits you from afar with a halberd.
The gnoll barely misses you. You block the ogre's attack.
You take 2 damage, and have 29/42 hp.
You barely miss the ogre.
The ogre is severely wounded.
The gnoll closely misses you. You block the gnoll's attack.
The ogre hits you with a giant club!
The gnoll hits you from afar with a halberd!
* * * LOW HITPOINT WARNING * * *
You barely miss the ogre.
The ogre is severely wounded.
You block the gnoll's attack. The ogre hits you with a giant club!
You die...

+ #......... ,
###............. ..... ,
................###.....
,
...........#.8..._...8..
...........+....!)%.....
,
#...††.......8.......8..
,
#.......................
,
#..........#.8...†g..8..,
........####....@Og.....
...........##....†......
..........<##...........
..##.......##...........
,
.....##............>....
####.####.###...........
, #.# #.# #........... ,
#. #.# #........... ≈ ,
#.# ###########


You could see an ogre and 2 gnolls.

Vanquished Creatures
  2 worker ants (D:4)
  A gnoll (D:4)
  2 adders
  An adder skeleton (D:4)
  3 dart slugs
  A leopard gecko (D:2)
  2 bats
  3 giant cockroaches
  2 goblins (D:2)
  A hobgoblin (D:2)
  5 jackals
  3 kobolds
  2 rats (D:2)
28 creatures vanquished.

Notes
Turn   | Place    | Note
-------+----------+-------------------------------------------
     0 | D:1      | Monsterracer the Deep Dwarf Fighter began the quest for the Orb.
     0 | D:1      | Reached XP level 1. HP: 20/20 MP: 1/1
    65 | D:1      | Reached XP level 2. HP: 25/27 MP: 2/2
   301 | D:2      | Reached XP level 3. HP: 26/33 MP: 3/3
   449 | D:4      | Reached XP level 4. HP: 39/42 MP: 4/4
   480 | D:4      | Found a hide-covered altar of Uskayaw.
   480 | D:4      | Noticed an ogre
   490 | D:4      | Reached skill level 4 in Shields
   492 | D:4      | Slain by an ogre

Skill      XL: |  1  2  3  4 |
---------------+-------------+-----
Axes           | 3 |  3.8
Fighting       | 3 |  3.2
Shields        | 4 |  4.0
Armour         | |  3.9

Action                   |  1- 3 |  4- 6 || total
-------------------------+-------+-------++-------
Melee: War axe           |   102 |    13 ||   115
 Abil: Heal Wounds       |     1 |     1 ||     2
Armor: Scale mail        |    74 |     1 ||    75
Dodge: Dodged            |    35 |     8 ||    43
Block: Shield            |    60 |    10 ||    70

Vault maps used:
D:1:      nzn_arrival_settlement
D:2:      first_ration, serial_bayou_crossing, uniq_jessica
D:3:      minmay_misc_feat_hallway, uniq_grinder
D:4:      eat_drink_and_be_merry_uskayaw, kennysheep_mini_moat,
          minmay_temple_entry_statues
